 Dungeon Crawl Stone Soup version 0.26-a0-597-gb535b0901c (webtiles) character file.

Game seed: 2727964453482437932

38 Lanoc the Poker (level 3, 0/28 HPs)
             Began as a Merfolk Gladiator on Aug 28, 2020.
             Succumbed to a worker ant's poison
             ... on level 3 of the Dungeon.
             The game lasted 00:00:36 (284 turns).

Lanoc the Poker (Merfolk Gladiator)                  Turns: 284, Time: 00:00:37

Health: 0/28       AC:  4    Str: 14    XL:     3   Next: 43%
Magic:  3/3        EV: 14    Int:  7    God:
Gold:   16         SH:  0    Dex: 16    Spells: 2/2 levels left

rFire    . . .     SeeInvis .   a - +0 trident
rCold    . . .     Faith    .   (no shield)
rNeg     . . .     Spirit   .   b - +0 leather armour
rPois    .         Reflect  .   c - +0 helmet
rElec    .         Harm     .   (no cloak)
rCorr    .                      (no gloves)
MR       .....                  (no boots)
Stlth    +.........             (no amulet)
HPRegen  0.09/turn              (no ring)
MPRegen  0.08/turn              (no ring)

@: lethally poisoned (0 -> -3)
A: change form in water, swift swim, stealthy swim
a: no special abilities


You were on level 3 of the Dungeon.
You visited 1 branch of the dungeon, and saw 3 of its levels.

You collected 16 gold pieces.

Inventory:

Hand Weapons
 a - a +0 trident (weapon)
Missiles
 d - 3 throwing nets (quivered)
Armour
 b - a +0 leather armour (worn)
 c - a +0 helmet (worn)
Scrolls
 e - 4 scrolls of identify {unknown}
 j - a scroll of remove curse {unknown}
Potions
 f - a potion of magic {unknown}
 g - a potion of stabbing {unknown}
 h - 3 potions of degeneration {unknown}
 i - a potion of haste {unknown}


   Skills:
 + Level 2.7 Fighting
 * Level 5.5 Polearms
 - Level 2.0 Throwing
 + Level 4.5 Dodging


You had 2 spell levels left.
You didn't know any spells.
Your spell library was empty.

Dungeon Overview and Level Annotations

Branches:
Dungeon (3/15)

Altars:


Message History

You are too injured to fight recklessly!
You are too injured to fight recklessly!
You are too injured to fight recklessly!
You are too injured to fight recklessly!
You are too injured to fight recklessly!
You hit the worker ant.
The worker ant is severely wounded.
The worker ant completely misses you. The orc closely misses you.
You completely miss the worker ant.
The worker ant is severely wounded.
The worker ant bites you.
* * * LOW HITPOINT WARNING * * *
The orc closely misses you. The worker ant misses you.
You closely miss the worker ant.
The worker ant is severely wounded.
The orc barely misses you. The worker ant bites you.
* * * LOW HITPOINT WARNING * * *
You hit the worker ant.
The worker ant is almost dead.
You die...

#..... #.....
+....$
####....######
.............+
#...........[#
#......ao....# .
#$.....@.....# ..
#............#...
#................
#.....###...####
#.....
#...############
......
#.......##......
...##
#.......##......
...
#.......''......
..
#.......##......


You could see a worker ant and an orc.

Vanquished Creatures
  3 adders
  A hobgoblin (D:2)
  3 jackals (D:1)
  A quokka (D:2)
  2 bats
  A kobold (D:3)
  A rat (D:1)
12 creatures vanquished.

Notes
Turn   | Place    | Note
-------+----------+-------------------------------------------
     0 | D:1      | Lanoc the Merfolk Gladiator began the quest for the Orb.
     0 | D:1      | Reached XP level 1. HP: 16/16 MP: 1/1
   147 | D:2      | Reached skill level 5 in Polearms
   147 | D:2      | Reached XP level 2. HP: 23/23 MP: 2/2
   154 | D:2      | Reached XP level 3. HP: 28/28 MP: 3/3
   283 | D:3      | HP: 1/28 [worker ant (3)]
   284 | D:3      | Succumbed to a worker ant's poison

Illustrated notes

Levels and vault maps discovered:
D:1:      psy_arrival_basics, layout_basic
D:2:      layout_rooms, lemuel_doored_altar, nicolae_overflow_hidden_temple
D:3:      layout_basic, uniq_natasha

Skill      XL: |  1 |
---------------+----+-----
Polearms       | 5 |  5.5
Fighting       | |  2.7
Throwing       | |  2.0
Dodging        | |  4.5

Action                   || total
-------------------------++-------
Melee: Trident           ||    54
 Stab: Sleeping          ||     3
Armor: Leather armour    ||    16
Dodge: Dodged            ||    49

Table legend: (Time is in decaauts)
 A = Elapsed time spent in this place.
 B = Non-inter-level travel time spent in this place.
 C = Inter-level travel time spent in this place.
 D = Time resting spent in this place.
 E = Time spent auto-exploring this place.
 F = Levels seen in this place.
 G = Mean time per level.
                   A        B        C        D        E       F      G
               +--------+--------+--------+--------+--------+-----+--------+
         Total |    286 |    274 |     12 |      0 |    176 |   3 |   95.3 |
       Dungeon |    286 |    274 |     12 |      0 |    176 |   3 |   95.3 |
               +--------+--------+--------+--------+--------+-----+--------+

Top non-repeatable levels by time:
     D:1: 118 daAuts
     D:2: 93 daAuts
     D:3: 74 daAuts
